 Dungeon Crawl Stone Soup version 0.26-a0-949-ga0cc1ef5f6 (webtiles) character file.

Game seed: 13048584734799420044

58160 McSplat the Severer (level 14, -3/116 HPs)
             Began as a Barachi Berserker on Nov 28, 2020.
             Was a High Priest of Trog.
             Slain by an orc warrior
             ... wielding a +0 trident
             ... led by an orc warlord
              (14 damage)
             ... on level 2 of the Orcish Mines.
             The game lasted 01:30:14 (21640 turns).

McSplat the Severer (Barachi Berserker)            Turns: 21640, Time: 01:30:15

Health: -3/116     AC: 21    Str: 26    XL:     14   Next: 89%
Magic:  0/14       EV:  8    Int:  3    God:    Trog [*****.]
Gold:   2618       SH:  0    Dex: 11    Spells: 13/13 levels left

rFire    + . .     SeeInvis .   a - +4 executioner's axe (flame)
rCold    . . .     Faith    .   (shield currently unavailable)
rNeg     + . .     Spirit   +   R - +1 plate armour {rN+}
rPois    .         Reflect  .   i - +0 helmet of Birdsong {MR+ rCorr Str+2 Int-5} (curse)
rElec    .         Harm     .   s - scarf {repulsion}
rCorr    +         Rampage  .   G - +2 pair of gloves
MR       ++...                  L - +0 pair of boots
Stlth    ..........             d - amulet of guardian spirit
HPRegen  0.29/turn              u - ring of protection from fire
MPRegen  0.14/turn              e - +4 ring of slaying

@: berserk cooldown, slowed, drained, repel missiles, very slow
A: +LOS, swims, slowness 1, strong legs 2
a: Hop, Berserk, Trog's Hand, Brothers in Arms, Renounce Religion


You were on level 2 of the Orcish Mines.
You worshipped Trog.
Trog was extremely pleased with you.
You visited 3 branches of the dungeon, and saw 19 of its levels.
You also visited: Gauntlet.

You collected 2723 gold pieces.
You spent 105 gold pieces at shops.

Inventory:

Hand Weapons
 a - a +4 executioner's axe of flaming (weapon)
 O - a +0 club
Missiles
 g - 40 poisoned darts
 m - 4 throwing nets
 q - 21 curare-tipped darts
 H - 13 javelins (quivered)
Armour
 i - the cursed +0 helmet of Birdsong (worn) {MR+ rCorr Str+2 Int-5}
   (You found it in a Gauntlet)

   It affects your strength (+2).
   It affects your intelligence (-5).
   It affects your resistance to hostile enchantments.
   It provides partial protection from all sources of acid and corrosion.
   It has a curse placed upon it.
 s - a scarf of repulsion (worn)
 G - a +2 pair of gloves (worn)
 L - a +0 pair of boots (worn)
 R - a +1 plate armour of positive energy (worn)
Jewellery
 d - an amulet of guardian spirit (around neck)
 e - a +4 ring of slaying (right hand)
 u - a ring of protection from fire (left hand)
 y - an uncursed ring of protection from magic
 I - an uncursed amulet of reflection
 J - an uncursed ring of poison resistance
 Y - a +6 ring of strength
Wands
 l - a wand of polymorph (18)
 t - a wand of disintegration (12)
 F - a wand of iceblast (3)
 P - a wand of flame (1)
 V - a wand of enslavement (7)
 W - a wand of acid (16)
Scrolls
 j - 6 scrolls of remove curse
 r - 4 scrolls of magic mapping
 v - 2 scrolls of fog
 w - a scroll of holy word
 A - 7 scrolls of teleportation
 B - 5 scrolls of blinking
 D - a scroll of enchant weapon
 E - 5 scrolls of enchant armour
 K - a scroll of brand weapon
 N - a scroll of identify
Potions
 b - a potion of mutation
 c - a potion of berserk rage
 f - a potion of attraction
 h - a potion of magic {unknown}
 o - 6 potions of lignification
 p - a potion of cancellation
 x - 4 potions of curing
 C - a potion of haste
 M - 3 potions of might
 Q - a potion of ambrosia
 Z - a potion of flight
Miscellaneous
 k - a lightning rod (3/4)
 n - a box of beasts


   Skills:
 - Level 12.4(11.0) Fighting
 + Level 18.4(16.8) Axes
 + Level 9.5(8.3) Throwing
 - Level 10.1(8.8) Armour
 - Level 4.0(2.9) Dodging
 - Level 1.7(0.7) Shields
 - Level 10.0(8.7) Evocations


You had 13 spell levels left.
You didn't know any spells.
Your spell library was empty.

Dungeon Overview and Level Annotations

Branches:
Dungeon (11/15)            Temple (0/1) D:7            Lair (6/6) D:8
  Swamp (0/4) Lair:4       Spider (0/4) Lair:4        Slime (0/5) Lair:6
    Orc (2/2) D:11            Elf (0/3) Orc:2       Gauntlet (visited)

Altars:
Ashenzari
Elyvilon
Makhleb
Yredelemnul
Beogh
Jiyva

Shops:
D:4 :   D:7 (   D:11 [   Orc:2 ([*

Annotations:
Lair:2 1 runed translucent door, dolemite99's ghost, journeyman MfFi
Lair:6 1 runed translucent door, exclusion: oklob plant


Innate Abilities, Weirdness & Mutations

You can be seen from farther away. (+LOS)
You can swim through water.
You cover ground slowly.
You can hop long distances.


Message History

Trog accepts your kill.
The orc warrior hits you from afar with a +0 trident!!
* * * LOW HITPOINT WARNING * * *
Unknown command.
Unknown command.
You slice the orc warlord!! You burn the orc warlord.
You kill the orc warlord!
Trog accepts your kill.
The jumping spider leaps!
The gnoll hits you but does no damage.
Your lightning rod (3/4) has regained one charge.
Unknown command.
Unknown command.
Unknown command.
You are no longer berserk.
You are exhausted.
You feel yourself slow down.
Your skin stops crawling.
You feel less resistant to hostile enchantments.
The orc warrior hits you from afar with a +0 trident!
You die...

*.o.o.,,,................,,,,≈≈*,
*8o8o8,,..................,,,≈≈*,
**....*..................#,,,≈≈*,
#*#(.###.#.#.............#,,,≈≈*,
##*...#...^..............#,,,≈≈**
.#*#.#(....#..............,,,≈≈≈≈
####..(..........g.#......,,,,≈≈≈
###..............)).......,,,,,,,
..#.......#^....@.)..e.°..,,,,,,,
.............)..(.s..s....,,,,,,,
.......[........)o........,,,,,,,
.....#.<............°.....,,,,,,,
.........$................,,,,,*,
...#..........#...........,,,,,,,
.##.........(#.....#......,,,,,,,
##........))(.............,,,,,,,
#.........)..#.(..........,,,,,,,


You could see a deep elf mage, a jumping spider (summoned), an orc warrior
(strong), a redback (summoned) and a gnoll.

Vanquished Creatures
  Jorgrun (Orc:2)
  Gastronok (Lair:2)
  3 orc warlords
  A minotaur (Gauntlet)
  A boulder beetle (D:11)
  Erolcha (D:9)
  3 hydras
  Erica (Lair:1)
  2 catoblepae
  4 two-headed ogres
  2 orc high priests (Orc:2)
  Sonja (D:10)
  An unseen horror (D:10)
  A bog body (Lair:4)
  4 orc sorcerers
  A deep elf mage (D:10)
  5 orc knights (Orc:2)
  A lindwurm (Lair:6)
  4 black mambas
  Maurice (D:9)
  Joseph (D:10)
  A centaur zombie (D:11)
  2 molten gargoyles (Lair:6)
  Maggie (D:9)
  A minotaur zombie (Gauntlet)
  A rime drake (Lair:4)
  9 cane toads
  10 komodo dragons
  5 trolls
  2 hornets (Gauntlet)
  Grinder (D:4)
  A slime creature (Lair:2)
  17 dream sheep
  11 blink frogs
  29 yaks
  A shadow (D:11)
  7 wyverns
  Eustachio (D:5)
  Grum (D:11)
  7 basilisks
  3 steam dragons (Lair:6)
  A warg (Orc:2)
  Menkaure (D:7)
  A soldier ant (D:11)
  4 hell hounds
  13 water moccasins
  An ice beast (D:7)
  2 sky beasts
  A black bear (Lair:3)
  28 orc warriors
  A phantom (D:5)
  6 ogres
  20 wolves
  8 centaurs
  19 bullfrogs
  Blork the orc (Orc:2)
  A wyvern skeleton (D:11)
  4 wights (D:9)
  3 scorpions
  6 killer bees (D:10)
  3 electric eels (D:10)
  3 howler monkeys (D:8)
  5 lava snakes (Lair:6)
  A quasit (D:10)
  2 bullfrog zombies
  7 jellies
  A bullfrog skeleton (D:9)
  2 gnoll shamans
  17 orc wizards
  16 orc priests
  2 centaur skeletons
  2 iguanas
  Jessica (D:2)
  2 hell rats (Lair:1)
  9 worker ants
  4 hound skeletons
  2 worker ant zombies
  11 gnolls
  11 adders
  5 river rats (Lair:1)
  A shadow imp (D:5)
  5 white imps
  3 ufetubi
  18 oozes
  3 adder skeletons
  2 worms
  3 dart slugs (D:2)
  3 leopard geckos
  45 orcs
  5 bats
  2 giant cockroaches
  11 goblins
  11 hobgoblins
  12 jackals
  8 kobolds
  9 quokkas
  A ball python (D:1)
  5 frilled lizards
  A leopard gecko skeleton (D:6)
  A leopard gecko zombie (D:7)
  11 rats
  2 bushes (Lair:6)
540 creatures vanquished.

Vanquished Creatures (collateral kills)
  A fire dragon (Lair:6)
  2 orc warriors
  A centaur zombie (D:9)
  An orc wizard (D:9)
  2 orcs (D:9)
7 creatures vanquished.

Vanquished Creatures (others)
  24 bushes (Lair:6)
  42 fungi
  39 plants
  3 withered plants (D:5)
108 creatures vanquished.

Grand Total: 655 creatures vanquished

Notes
Turn   | Place    | Note
-------+----------+-------------------------------------------
     0 | D:1      | McSplat the Barachi Berserker began the quest for the Orb.
     0 | D:1      | Reached XP level 1. HP: 18/18 MP: 1/1
   273 | D:1      | Reached XP level 2. HP: 22/25 MP: 2/2
   553 | D:1      | Reached skill level 4 in Axes
   713 | D:1      | Reached ** piety under Trog
   714 | D:1      | Reached XP level 3. HP: 22/30 MP: 3/3
  1414 | D:2      | HP: 1/30 [adder (3)]
  1761 | D:2      | Reached XP level 4. HP: 33/38 MP: 4/4
  2098 | D:2      | Noticed Jessica
  2105 | D:2      | Killed Jessica
  2106 | D:2      | Reached skill level 5 in Axes
  2419 | D:2      | Reached XP level 5. HP: 42/43 MP: 5/5
  2477 | D:2      | Found a faded altar of an unknown god.
  2642 | D:2      | Found a burning altar of Makhleb.
  2644 | D:2      | Noticed a balrug
  2701 | D:3      | Reached skill level 5 in Fighting
  2914 | D:3      | Reached skill level 6 in Axes
  2914 | D:3      | Reached XP level 6. HP: 51/51 MP: 4/6
  2917 | D:3      | Reached *** piety under Trog
  3480 | D:4      | Noticed Grinder
  3501 | D:4      | Killed Grinder
  3502 | D:4      | Reached skill level 7 in Axes
  3502 | D:4      | Reached XP level 7. HP: 58/58 MP: 4/7
  3968 | D:4      | Found Ocwiowit's Book Shop.
  4042 | D:5      | Entered Level 5 of the Dungeon
  4042 | D:5      | Found a basalt altar of Yredelemnul.
  4094 | D:5      | Reached skill level 8 in Axes
  4102 | D:5      | Reached XP level 8. HP: 67/67 MP: 5/8
  4315 | D:5      | Noticed Eustachio
  4339 | D:5      | Killed Eustachio
  4340 | D:5      | Reached skill level 9 in Axes
  4414 | D:5      | Reached **** piety under Trog
  4733 | D:6      | Found a broken altar of Ashenzari.
  5385 | D:7      | Found a white marble altar of Elyvilon.
  5398 | D:7      | Noticed Menkaure
  5406 | D:7      | Killed Menkaure
  5433 | D:7      | Reached skill level 10 in Axes
  5533 | D:7      | Reached XP level 9. HP: 58/75 MP: 4/9
  5705 | D:7      | Found a staircase to the Ecumenical Temple.
  5851 | D:7      | Found Loirghawk's Antique Weapon Boutique.
  5854 | D:7      | Bought a war axe for 105 gold pieces
  6021 | D:8      | Found a staircase to the Lair.
  6172 | D:8      | Reached skill level 11 in Axes
  6641 | D:9      | Noticed Maurice
  6678 | D:9      | Killed Maurice
  6750 | D:9      | Noticed a troll
  6756 | D:9      | Killed a troll
  6787 | D:9      | Reached skill level 12 in Axes
  6891 | D:9      | Noticed a two-headed ogre
  6891 | D:9      | Noticed a two-headed ogre
  6895 | D:9      | Killed a two-headed ogre
  6896 | D:9      | Reached skill level 10 in Fighting
  6896 | D:9      | Reached XP level 10. HP: 86/86 MP: 10/10
  6906 | D:9      | HP: 4/86 [two-headed ogre/+0 giant club (6)]
  6909 | D:9      | Killed a two-headed ogre
  6910 | D:9      | Reached skill level 13 in Axes
  6911 | D:9      | HP: 3/86 [orc warrior/+0 glaive (1)]
  6921 | D:9      | HP: 4/86 [orc warrior/+0 glaive (2)]
  7509 | D:9      | Noticed a two-headed ogre
  7515 | D:9      | Killed a two-headed ogre
  7606 | D:9      | Noticed Erolcha
  7625 | D:9      | Killed Erolcha
  7746 | D:9      | Noticed Maggie
  7757 | D:9      | Killed Maggie
  7758 | D:9      | Reached skill level 14 in Axes
  8062 | D:10     | Entered Level 10 of the Dungeon
  8400 | D:10     | Noticed a two-headed ogre
  8406 | D:10     | Killed a two-headed ogre
  8407 | D:10     | Reached XP level 11. HP: 93/95 MP: 5/11
  8484 | D:10     | Noticed a deep elf mage
  8491 | D:10     | Killed a deep elf mage
  8569 | D:10     | Noticed Joseph
  8580 | D:10     | Killed Joseph
  8638 | D:10     | Noticed Sonja
  8668 | D:10     | Killed Sonja
  8669 | D:10     | Reached skill level 15 in Axes
  9213 | Lair:1   | Entered Level 1 of the Lair of Beasts
  9214 | Lair:1   | Noticed a five-headed hydra
  9222 | Lair:1   | Killed a three-headed hydra
  9370 | Lair:1   | Found a gate leading to a gauntlet.
  9394 | Gauntlet | Entered a Gauntlet
  9394 | Gauntlet | Found a transporter.
  9394 | Gauntlet | Found a transporter.
  9399 | Gauntlet | Found a transporter.
  9399 | Gauntlet | Noticed a death ooze
  9421 | Gauntlet | Found a transporter.
  9430 | Gauntlet | Found a transporter.
  9430 | Gauntlet | Found a transporter.
  9432 | Gauntlet | Found a transporter.
  9433 | Gauntlet | Found a transporter.
  9434 | Gauntlet | Found a transporter.
  9435 | Gauntlet | Noticed a death scarab
  9435 | Gauntlet | Noticed a spectral death yak
  9448 | Gauntlet | Found a transporter.
  9449 | Gauntlet | Noticed an obsidian statue
  9457 | Gauntlet | Found a runed translucent door.
  9459 | Gauntlet | Noticed a death scarab
  9461 | Gauntlet | Found a transporter.
  9467 | Gauntlet | Noticed a fire crab
  9473 | Gauntlet | Found a transporter.
  9475 | Gauntlet | Found a transporter.
  9507 | Gauntlet | Found a transporter.
  9507 | Gauntlet | Noticed a catoblepas
  9776 | Gauntlet | Identified a scroll of acquirement
  9777 | Gauntlet | Acquired a +3 executioner's axe of electrocution
  9828 | Gauntlet | Got a pitted helmet
  9990 | Gauntlet | Identified the cursed +0 helmet of Birdsong {MR+ rCorr
                  | Str+2 Int-5} (You found it in a Gauntlet)
  9998 | Gauntlet | Identified the ring of Ruxekk {+Inv Str+6 Int+8 Dex-5
                  | Slay-5}
  9998 | Gauntlet | Noticed a minotaur
 10007 | Gauntlet | Killed a minotaur
 10008 | Gauntlet | Reached skill level 1 in Shields
 10102 | Lair:1   | Reached skill level 1 in Evocations
 10188 | Lair:1   | Noticed Erica
 10213 | Lair:2   | Noticed Gastronok
 10222 | Lair:2   | Killed Gastronok
 10223 | Lair:2   | Reached skill level 16 in Axes
 10223 | Lair:2   | Reached skill level 5 in Armour
 10223 | Lair:2   | Reached XP level 12. HP: 55/103 MP: 8/12
 10243 | Lair:2   | Reached skill level 1 in Throwing
 10630 | Lair:2   | Found a runed translucent door.
 10630 | Lair:2   | Identified the +6 spear "Killer Bee's Death" {vorpal, +Rage
                  | rC++ MP+9 Int+3}
 10631 | Lair:2   | Noticed dolemite99's ghost (journeyman MfFi)
 11150 | Lair:2   | Noticed a catoblepas
 11162 | Lair:2   | Killed a catoblepas
 11876 | Lair:3   | Reached skill level 5 in Evocations
 12901 | Lair:4   | Found a staircase to the Swamp.
 12984 | Lair:4   | Gained mutation: You can hop long distances. [Barachi
                  | growth]
 12984 | Lair:4   | Reached XP level 13. HP: 109/109 MP: 13/13
 12988 | Lair:4   | Reached ***** piety under Trog
 13182 | Lair:4   | Reached skill level 5 in Throwing
 13645 | Lair:4   | Found a hole to the Spider Nest.
 14829 | Lair:5   | Reached skill level 17 in Axes
 15043 | Lair:6   | Entered Level 6 of the Lair of Beasts
 15214 | Lair:6   | Acquired 968 gold pieces
 15236 | Lair:6   | Found a runed translucent door.
 15236 | Lair:6   | Found a viscous altar of Jiyva.
 15236 | Lair:6   | Noticed an acid blob
 15861 | Lair:6   | Noticed a fire dragon
 15862 | Lair:6   | Found a large runed translucent door.
 15862 | Lair:6   | Found a large runed translucent door.
 16114 | Lair:6   | Received a gift from Trog
 16518 | Lair:6   | Killed a fire dragon
 16528 | Lair:6   | Got a bound crystal amulet
 16556 | Lair:6   | Identified the amulet "Wionnaq" {Spirit *Slow rElec Dex+6
                  | Slay-6} (You found it on level 6 of the Lair of Beasts)
 16717 | Lair:6   | Found a staircase to the Slime Pits.
 16717 | Lair:6   | Noticed an acid blob
 16841 | Lair:1   | Reached XP level 14. HP: 91/116 MP: 10/14
 16847 | Lair:1   | Reached skill level 10 in Armour
 16847 | Lair:1   | Killed Erica
 18125 | D:11     | Noticed Grum
 18126 | D:11     | Found a staircase to the Orcish Mines.
 18144 | D:11     | Killed Grum
 18234 | D:11     | Found Qautodefo's Armour Emporium.
 18669 | D:11     | Received a gift from Trog
 19015 | Orc:1    | Entered Level 1 of the Orcish Mines
 19375 | Orc:2    | Entered Level 2 of the Orcish Mines
 19394 | Orc:2    | Noticed Blork the orc
 19396 | Orc:2    | Noticed Jorgrun
 19473 | Orc:2    | Killed Jorgrun
 19476 | Orc:2    | Killed Blork the orc
 19637 | Orc:2    | Noticed an orc warlord
 19851 | Orc:1    | Upgraded the game from 0.26-a0-940-gf7e0b5f775 to
                  | 0.26-a0-949-ga0cc1ef5f6
 19865 | Orc:1    | Killed an orc warlord
 20299 | Orc:2    | Reached skill level 18 in Axes
 20427 | Orc:2    | Found a roughly hewn altar of Beogh.
 20550 | Orc:2    | Reached skill level 10 in Evocations
 20596 | Orc:2    | Noticed an orc warlord
 20608 | Orc:2    | Killed an orc warlord
 20612 | Orc:2    | Found Vibler's Antique Weapon Emporium.
 20879 | Orc:2    | Found a staircase to the Elven Halls.
 20891 | Orc:2    | Found Teataw's Assorted Antiques.
 20948 | Orc:2    | Noticed an orc warlord
 21501 | Orc:2    | Found Duneonk's Antique Armour Emporium.
 21639 | Orc:2    | Killed an orc warlord
 21640 | Orc:2    | Slain by an orc warrior

Illustrated notes

Levels and vault maps discovered:
D:1:      ncdulo_wetmaze, layout_loops_ring
D:2:      layout_loops_ring, chequers_ecumenical_altar_lobes, dk_noncrumbling_3,
          makhleb_altar_promises_db, uniq_jessica
D:3:      layout_loops_ring, kennysheep_generic_room_7
D:4:      layout_rooms, serial_shops, kennysheep_mini, uniq_grinder
D:5:      layout_rooms, yredelemnul_altar_generic, uniq_eustachio
D:6:      layout_basic, nicolae_ashenzari_panopticon
D:7:      layout_basic, elyvilon_altar_4, temple_doors_cd, serial_shops,
          nicolae_shop_window_shopping, amethyst_killhole, uniq_menkaure
D:8:      layout_basic, lair_entry_dummy
D:9:      layout_basic, uniq_maurice, uniq_erolcha, uniq_maggie
D:10:     layout_basic, minmay_librarian, uniq_joseph, uniq_sonja
D:11:     layout_loops_ring, orc_david_3, minmay_misc_feat_cross, uniq_grum
Lair:1:   layout_regular_city, gauntlet_entry_generic, st_stairs_6,
          kennysheep_rathole, uniq_erica
Lair:2:   lemuel_slime, layout_concentric_octagons, ebering_ghost_funeral_grove,
          uniq_gastronok
Lair:3:   layout_gridlike, grunt_megastairs_1
Lair:4:   layout_small_grid, skrybe_swamp_entry_bodies,
          spider_nest_entry_web_field
Lair:5:   layout_regular_city, wad_woods_river_03
Lair:6:   cheibrodos_lair_end_hotspot, layout_loops_ring, slime_altar_2,
          minmay_hedge_maze
Orc:1:    layout_diamond_mine
Orc:2:    grunt_orc_cross, layout_caves, serial_shops,
          nicolae_shop_temple_entry_statues_fountains,
          portal_ice_cave_entry_pillars_1, elves_outpost_lemuel, uniq_jorgrun

Skill      XL: |  1  2  3  4  5  6  7  8  9 10 11 12 13 14 |
---------------+-------------------------------------------+-----
Fighting       | 4 5 6 7 8 10 11 12 | 12.4
Axes           | 4 5 6 7 8 10 12 14 16 17 18 | 18.4
Armour         | 5 7 9 10 | 10.1
Shields        | 1 |  1.7
Evocations     | 2 5 8 10 | 10.0
Throwing       | 4 7 9 |  9.5
Dodging        | 4 |  4.0

Action                   |  1- 3 |  4- 6 |  7- 9 | 10-12 | 13-15 || total
-------------------------+-------+-------+-------+-------+-------++-------
Melee: Hand axe          |   106 |   153 |   171 |       |       ||   430
       War axe           |       |       |    66 |   101 |       ||   167
       Battleaxe         |       |       |       |    17 |       ||    17
       Executioner's axe |       |       |       |   167 |   414 ||   581
Throw: Javelin           |       |       |       |       |    34 ||    34
       Dart              |       |       |       |       |     4 ||     4
Invok: Berserk           |     3 |     3 |     6 |    12 |    21 ||    45
       Trog's Hand       |     1 |     2 |     4 |     9 |     7 ||    23
       Brothers in Arms  |       |       |       |     3 |     2 ||     5
 Abil: Hop               |     1 |     1 |     1 |     6 |     7 ||    16
Evoke: Wand              |       |       |     7 |    35 |    10 ||    52
       Box of beasts     |       |       |       |     1 |     2 ||     3
       Lightning rod     |       |       |       |       |     4 ||     4
  Use: Potion            |     3 |       |       |     8 |     1 ||    12
       Scroll            |       |     3 |     7 |    15 |     9 ||    34
Armor: Animal skin       |     9 |       |       |       |       ||     9
       Scale mail        |     3 |     2 |       |       |       ||     5
       Chain mail        |       |    77 |     9 |       |       ||    86
       Plate armour      |       |       |   150 |   210 |   329 ||   689
       Skin              |       |       |       |    16 |       ||    16
Dodge: Dodged            |    69 |    63 |    80 |   141 |   219 ||   572
       Repelled          |       |       |     2 |     2 |     6 ||    10
Block: Buckler           |       |       |       |     2 |       ||     2

Table legend: (Time is in decaauts)
 A = Elapsed time spent in this place.
 B = Non-inter-level travel time spent in this place.
 C = Inter-level travel time spent in this place.
 D = Time resting spent in this place.
 E = Time spent auto-exploring this place.
 F = Levels seen in this place.
 G = Mean time per level.
                   A        B        C        D        E       F      G
               +--------+--------+--------+--------+--------+-----+--------+
         Total |  24283 |  22816 |   1467 |   6173 |  12868 |  20 | 1214.2 |
       Dungeon |  11817 |  10937 |    880 |   2177 |   6815 |  11 | 1074.3 |
          Lair |   8832 |   8419 |    413 |   2233 |   5102 |   6 | 1472.0 |
  Orcish Mines |   2885 |   2711 |    174 |   1383 |    777 |   2 | 1442.5 |
      Gauntlet |    748 |    748 |      0 |    379 |    172 |   1 |  748.0 |
               +--------+--------+--------+--------+--------+-----+--------+

Top non-repeatable levels by time:
  Lair:2: 2091 daAuts
  Lair:6: 1828 daAuts
     D:1: 1792 daAuts
     D:9: 1677 daAuts
  Lair:4: 1507 daAuts
   Orc:2: 1477 daAuts
   Orc:1: 1407 daAuts
    D:10: 1247 daAuts
  Lair:1: 1218 daAuts
     D:2: 1202 daAuts
  Lair:3: 1184 daAuts
     D:8: 1149 daAuts
    D:11: 1026 daAuts
  Lair:5: 1003 daAuts
     D:3: 852 daAuts
